 Dungeon Crawl Stone Soup version 0.19.0-9-gfd783f2 (webtiles) character file.

895 dobroeutro the Archer (level 7, -3/57 HPs)
             Began as a Centaur Hunter on Nov 7, 2016.
             Slain by a bog mummy (15 damage)
             ... in an ossuary.
             The game lasted 00:12:28 (3934 turns).

dobroeutro the Archer (Centaur Hunter)              Turns: 3934, Time: 00:12:28

Health: -3/57      AC: 14    Str: 15    XL:     7   Next: 78%
Magic:  7/7        EV:  8    Int: 10    God:
Gold:   146        SH:  0    Dex: 15    Spells: 0 memorised, 6 levels left

rFire  . . .     SeeInvis .     a - +2 shortbow
rCold  . . .     Gourm    +     B - +0 troll leather armour {Purgy}
rNeg   . . .     Faith    .     (shield currently unavailable)
rPois  .         Spirit   .     C - +1 hat
rElec  .         Reflect  .     s - +1 cloak
rCorr  .         Harm     .     D - +0 pair of gloves
MR     .....                    A - +1 centaur barding {Fly}
Stlth  +.........               j - amulet of the gourmand
                                (no ring)
                                v - +4 ring of dexterity

@: flying, very quick
A: hooves 3, deformed body, speed 2, tough skin 3
a: Stop Flying


You were in an ossuary.
You were very full.

You visited 1 branch of the dungeon, and saw 4 of its levels.
You also visited: Sewer and Ossuary.

You collected 146 gold pieces.

Inventory:

Hand Weapons
 a - a +2 shortbow (weapon)
 c - a +0 spear
Missiles
 d - 4 arrows (quivered)
Armour
 s - a +1 cloak (worn)
 A - a +1 centaur barding of flying (worn)
 B - a +0 troll leather armour (worn) {Purgy}
 C - a +1 hat (worn)
 D - a +0 pair of gloves (worn)
Jewellery
 j - an amulet of the gourmand (around neck)
 v - a +4 ring of dexterity (left hand)
Wands
 q - a wand of flame (19/48)
Scrolls
 h - a scroll of amnesia
 k - a scroll of enchant armour
 n - 2 scrolls of remove curse
 o - 2 scrolls of random uselessness
 r - 5 scrolls of fear
 E - a scroll of enchant weapon
Potions
 g - a potion of cure mutation
 p - 4 potions of flight
 x - a potion of magic
Comestibles
 f - 2 bread rations
 i - 2 fruits
 l - 3 beef jerkies
 t - 3 meat rations
 w - a slice of pizza


   Skills:
 + Level 3.0 Fighting
 + Level 11.4 Bows
 + Level 1.3 Armour
 + Level 2.2 Dodging
 - Level 0.4 Stealth


You had 6 spell levels left.
You didn't know any spells.

Dungeon Overview and Level Annotations

Branches:
Dungeon (4/15)
 Temple: D:4-7

Altars:
Fedhas
Nemelex Xobeh
Qazlal
Ru
Uskayaw
Xom
Yredelemnul

Annotations:
D:4 MovingMist's ghost, amateur GrFi


Innate Abilities, Weirdness & Mutations

You have hooves in place of feet.
Armour fits poorly on your strangely shaped body.
You cover ground very quickly.
You have extremely tough skin. (AC +3)


Message History

The bog mummy points at you and mumbles some strange words.
You resist with some effort. The bog mummy barely misses you.
Wield which item (- for none, * to show all)? (? for menu, Esc to quit)
a - a +2 shortbow (weapon)
Firing (i - inventory):
d - 6 arrows (quivered)
Press: ? - help, Shift-Dir - straight line, f - bog mummy
Aim: a bog mummy You shoot an arrow.
The arrow hits the bog mummy!
The bog mummy is moderately damaged.
You hear a splash.
The bog mummy hits you.
* * * LOW HITPOINT WARNING * * *
Firing (i - inventory):
d - 5 arrows (quivered)
Press: ? - help, Shift-Dir - straight line, f/p - bog mummy
Aim: a bog mummy (moderately damaged)
You shoot an arrow. The arrow barely misses the bog mummy.
The arrow hits the withered plant!
The withered plant is moderately damaged.
The bog mummy hits you!
You die...

#### #≈@#
#M#M#
#.≈.≈.M.#
#≈≈.≈≈#+#+#
≈≈..≈≈≈
≈≈≈≈.##
##P.. #≈#
#.


You could see 3 bog mummies.

Vanquished Creatures
  The ghost of motku515 the Shield-Bearer, an amateur OpFi (Sewer)
  Purgy (Sewer)
  An ogre (D:4)
  An elf zombie (D:4)
  An elf skeleton (D:4)
  A bullfrog zombie (Ossuary)
  A hound (D:4)
  An orc priest (D:3)
  An orc wizard (D:3)
  2 iguanas
  3 gnolls (D:3)
  5 adders
  2 river rats (D:3)
  An ooze (D:1)
  3 worms
  3 dart slugs
  5 leopard geckos
  11 orcs
  5 ball pythons
  7 giant cockroaches
  8 goblins
  3 hobgoblins
  2 jackals (D:1)
  2 quokkas (D:2)
  A ball python zombie (Ossuary)
  10 bats
  2 frilled lizards
  6 kobolds
  40 rats
130 creatures vanquished.

Notes
Turn   | Place    | Note
-------+----------+-------------------------------------------
     0 | D:1      | dobroeutro the Centaur Hunter began the quest for the Orb.
     0 | D:1      | Reached XP level 1. HP: 17/17 MP: 1/1
    50 | D:1      | Reached skill level 6 in Bows
    50 | D:1      | Reached XP level 2. HP: 8/24 MP: 2/2
   384 | D:1      | Reached XP level 3. HP: 16/29 MP: 3/3
   908 | D:2      | Reached skill level 7 in Bows
  1170 | D:2      | Reached XP level 4. HP: 36/36 MP: 4/4
  1295 | D:2      | Found a shimmering altar of Xom.
  1341 | D:2      | Found a stormy altar of Qazlal.
  1341 | D:2      | Noticed an air elemental
  1345 | D:2      | Noticed an earth elemental
  1348 | D:2      | Noticed a fire elemental
  1348 | D:2      | Noticed a water elemental
  1365 | D:2      | Found a sparkling altar of Nemelex Xobeh.
  1395 | D:2      | Found a sacrificial altar of Ru.
  1463 | D:2      | Found a hide-covered altar of Uskayaw.
  1582 | D:2      | Found a blossoming altar of Fedhas.
  1872 | D:3      | Reached skill level 8 in Bows
  1965 | D:3      | Reached XP level 5. HP: 15/41 MP: 5/5
  2036 | D:3      | Found a basalt altar of Yredelemnul.
  2104 | D:3      | HP: 2/41 [river rat (6)]
  2236 | D:3      | Found a glowing drain.
  2250 | Sewer    | Entered a sewer
  2461 | Sewer    | Noticed Purgy
  2463 | Sewer    | Noticed motku515's ghost (amateur OpFi)
  2534 | Sewer    | Killed motku515's ghost
  2534 | Sewer    | Reached skill level 10 in Bows
  2534 | Sewer    | Reached XP level 6. HP: 18/48 MP: 6/6
  3059 | Sewer    | Killed Purgy
  3162 | D:3      | Reached skill level 11 in Bows
  3162 | D:3      | Reached XP level 7. HP: 49/55 MP: 7/7
  3695 | D:4      | Reached skill level 1 in Armour
  3703 | D:4      | Noticed MovingMist's ghost (amateur GrFi)
  3873 | D:4      | Found a sand-covered staircase.
  3895 | Ossuary  | Entered an ossuary
  3915 | Ossuary  | HP: 2/56 [mummy (8)]
  3934 | Ossuary  | Slain by a bog mummy

Skill      XL: |  1  2  3  4  5  6  7 |
---------------+----------------------+-----
Bows           | 6 7 8 10 11 | 11.4
Armour         | 1 |  1.3
Dodging        | 2 |  2.2
Fighting       | 3 |  3.0
Stealth        | |  0.4

Action                   |  1- 3 |  4- 6 |  7- 9 || total
-------------------------+-------+-------+-------++-------
Melee: Short sword       |    76 |       |       ||    76
       Kick              |    14 |    60 |    39 ||   113
       Spear             |    77 |   268 |   123 ||   468
 Fire: Shortbow          |     9 |    30 |    39 ||    78
Evoke: Wand              |       |       |     6 ||     6
  Use: Scroll            |       |     4 |    11 ||    15
       Potion            |       |     4 |     1 ||     5
 Stab: Sleeping          |     3 |     1 |     1 ||     5
  Eat: Chunk             |    11 |     6 |     3 ||    20
Armor: Leather armour    |    41 |       |       ||    41
       Robe              |    19 |   105 |       ||   124
       Troll leather arm |       |    22 |    81 ||   103
Dodge: Dodged            |    57 |   103 |    49 ||   209
